[Event "*** Titled Tuesday 3|2 Blitz"]
[Site "Chess.com"]
[Date "2016.08.02"]
[Round "5"]
[White "diokletian"]
[Black "Schemato"]
[Result "0-1"]
[WhiteElo "2434"]
[BlackElo "2249"]
[TimeControl "180+2"]
[EndTime "12:08:07 PDT"]
[Termination "Schemato won by resignation"]

1. d4 e6 2. e4 d5 3. Nd2 Be7 4. c3 Nf6 5. e5 Nfd7 6. f4 c5 7. Ndf3 b6 8. Bd3 Ba6 9. Bc2 Nc6 10. Ne2 f5 11. Be3 O-O 12. Rg1 Kh8 13.
g4 g6 14. Kf2 Bxe2 15. Qxe2 Bh4+ 16. Kf1 cxd4 17. cxd4 Be7 18. gxf5 gxf5 19. Kg2 Nb4 20. Ba4 a6 21. a3 Rg8+ 22. Kh1 Rxg1+ 23. Rxg1 b5 24.
Bd1 Nc6 25. Qg2 Qf8 26. Ng5 Bxg5 27. Qxg5 Qf7 28. Bh5 Qe7 29. Qxe7 Nxe7 30. Bf7 Nf8 31. Bd2 a5 32. Be1 Neg6 33. h4 Kg7 34. Bxg6 hxg6 35.
Rg2 Rc8 36. Bxa5 Rc1+ 37. Kh2 Rf1 38. Bd2 Rf3 39. Re2 Rd3 40. Bc3 Rf3 41. Bd2 Rd3 42. Be3 Nd7 43. Kg2 Nb6 44. Bf2 Nc4 45. Rc2 Rb3 46.
Be1 Rxb2 47. Rxb2 Nxb2 48. Kf3 Kh6 49. Kg3 Kh5 50. Bb4 Nc4 51. Be7 Nd2 52. Kh3 Ne4 53.
Bd6 Nc3 54. Kg3 Ne2+ 55. Kf3 Nxd4+ 56. Ke3 Nc6 57. Be7 Nxe7 0-1

[Event "*** Titled Tuesday 3|2 Blitz"]
[Site "Chess.com"]
[Date "2016.08.02"]
[Round "5"]
[White "Bab3s"]
[Black "FearlessKing64"]
[Result "1/2-1/2"]
[WhiteElo "2172"]
[BlackElo "2065"]
[TimeControl "180+2"]
[EndTime "12:08:08 PDT"]
[Termination "Game drawn by repetition"]

1. e4 c5 2. c3 g6 3. d4 cxd4 4. cxd4 d5 5. Nc3 dxe4 6. Bc4 Nc6 7. Qb3 e6 8. d5 Na5 9. Bb5+ Bd7 10. Qa4 b6 11.
dxe6 fxe6 12. Qd4 Bxb5 13. Qxh8 Qd3 14. Nge2 O-O-O 15. Qxg8 Bb4 16. Qxe6+ Bd7 17. Qe5 Bg4 18. O-O Bxe2 19. Nxe2 Qxe2 20. Bf4 Bd6 21. Qe6+ Kc7 22. Rac1+ Nc6 23. Bxd6+ Rxd6 24. Qf7+ Rd7 25. Qf4+ Kb7 26.
Rfe1 Qb5 27. Qxe4 a5 28. h3 Qd5 29. Qxd5 Rxd5 30. Re6 Nd4 31. Re7+ Ka6 32. Rcc7 a4 33. Rxh7 Kb5 34. Rhg7 Ne6 35. Rce7 Nxg7 36. Rxg7 g5 37. g3 Kc4 38. Rc7+ Kb4 39. Kg2 Rd2 40. h4 gxh4 41. gxh4 Rxb2 42. h5 Rd2 43. h6 Rd8 44. h7 Ka3 45.
Rg7 Rh8 46. f4 Kxa2 47. f5 Kb3 48. f6 a3 49. f7 a2 50. Rg8 a1=Q 51. f8=Q Qb2+ 52.
Kg3 Qc3+ 53. Kg2 Qc2+ 54. Kg3 Qc3+ 55. Kg2 Qc2+ 56. Kg3 Qc3+ 57. Kg2 Qc2+ 58. Kg3 1/2-1/2

[Event "*** Titled Tuesday 3|2 Blitz"]
[Site "Chess.com"]
[Date "2016.08.02"]
[Round "5"]
[White "Krutoy123"]
[Black "Alexander_Moskalenko"]
[Result "0-1"]
[WhiteElo "2416"]
[BlackElo "2620"]
[TimeControl "180+2"]
[EndTime "12:08:14 PDT"]
[Termination "Alexander_Moskalenko won by resignation"]

1. e4 c5 2. Nf3 d6 3. d4 cxd4 4. Nxd4 Nf6 5. Nc3 g6 6. Be3 Bg7 7. f3 Nc6 8. Qd2 O-O 9. g4 Be6 10. Nxe6 fxe6 11. O-O-O Ne5 12. Be2 Qc8 13. Kb1 Nfd7 14.
Rhf1 Nb6 15. Bd4 Nec4 16. Bxc4 Nxc4 17. Qd3 b5 18. Bxg7 Kxg7 19. b3 b4 20. Ne2 Na3+ 21.
Kb2 a5 22. f4 a4 23. Nd4 e5 24.
fxe5 Rxf1 25. Rxf1 dxe5 26. Nf3 axb3 27. cxb3 Ra5 28. Rc1 Rc5 29. Qd2 Rxc1 30. Qxc1 Qxg4 31. Qe3 Nb5 32. Qd3 Qg2+ 33. Nd2 Nd6 34. Kc2 Qxh2 35.
Qd5 Qf4 36. Qe6 Qf6 37. Qd5 h5 38. Qc5 h4 39. Qxb4 g5 40. Qc3 g4 41. a4 g3 42. a5 Qf4 43. a6 Nxe4 44. Qb4 g2 45. a7 g1=Q 46. a8=Q Qxd2+ 47. Qxd2 Nxd2 48. Kxd2 Qd4+ 49. Ke2 e4 50. b4 Qd3+ 51. Ke1 Qc3+ 52. Ke2 Qxb4 53.
Ke3 Qe1+ 54. Kf4 Qg3+ 55. Kf5 h3 56. Qa1+ Kh7 57. Qa7 Qg6+ 58. Ke5 Qf6+ 59. Kxe4 h2 0-1

[Event "*** Titled Tuesday 3|2 Blitz"]
[Site "Chess.com"]
[Date "2016.08.02"]
[Round "5"]
[White "fastestmindalive"]
[Black "Genghis_K"]
[Result "1/2-1/2"]
[WhiteElo "2410"]
[BlackElo "2687"]
[TimeControl "180+2"]
[EndTime "12:08:17 PDT"]
[Termination "Game drawn - insufficient material"]

1. e4 c5 2. Nc3 Nc6 3. Bb5 Nd4 4.
Nf3 g6 5. O-O Bg7 6. Nxd4 cxd4 7. Ne2 a6 8. Bd3 Nf6 9. c3 dxc3 10. dxc3 O-O 11. h3 d6 12. Be3 Bd7 13. Qd2 Bc6 14.
Ng3 e5 15. Bh6 d5 16. Bxg7 Kxg7 17. Qe2 h5 18. f4 dxe4 19. Nxe4 Nxe4 20. Bxe4 exf4 21.
Bxc6 bxc6 22. Rxf4 Qg5 23. Raf1 Rae8 24. Qxa6 Qc5+ 25.
Kh1 Re7 26. Qc4 Qxc4 27. Rxc4 Re2 28. b4 Ra8 29. Ra1 Rd8 30. Rxc6 Rdd2 31. Rg1 Rxa2 32. b5 Rab2 33. b6 Re6 34. Rxe6 fxe6 35. Re1 Rxb6 36. Kg1 Kf6 37. Kf2 Rc6 38. Re3 e5 39. Kf3 Kf5 40. g4+ hxg4+ 41. hxg4+ Kf6 42. Rd3 Rc4 43. Re3 Rf4+ 44. Kg3 Rc4 45. Kf3 Kg5 46. Rxe5+ Kh4 47. Re3 g5 48. Rd3 Rxg4 49. Rd4 Rxd4 50. cxd4 Kh3 51. Kf2 Kh2 52. Kf3 Kh3 53. Kf2 g4 54. Kg1 Kh4 55. Kg2 Kg5 56. Kg3 Kf5 57. d5 Ke5 58. d6 Kxd6 59. Kxg4 1/2-1/2

[Event "*** Titled Tuesday 3|2 Blitz"]
[Site "Chess.com"]
[Date "2016.08.02"]
[Round "5"]
[White "viditchess"]
[Black "FairChess_on_YouTube"]
[Result "1/2-1/2"]
[WhiteElo "2551"]
[BlackElo "2704"]
[TimeControl "180+2"]
[EndTime "12:08:20 PDT"]
[Termination "Game drawn by agreement"]

1. d4 d5 2. c4 c6 3. Nf3 Nf6 4.
e3 Bf5 5. Nc3 a6 6. Ne5 Nbd7 7.
Qb3 Qc7 8. cxd5 Nxe5 9. dxe5 Nxd5 10. Nxd5 cxd5 11. Bd2 Qxe5 12. Be2 Bd7 13. Bc3 Qc7 14.
Qxd5 Bc6 15. Qg5 f6 16. Qg4 Qd7 17. Qh4 Bxg2 18. Rg1 Qh3 19. Qc4 Rd8 20. Ba5 Rc8 21.
Qg4 Rc5 22. Bb4 Qxg4 23. Bxg4 Rc4 24. Rxg2 Rxb4 25. O-O-O Kf7 26. Rd8 g6 27. Rg1 Bg7 28.
Rxh8 Bxh8 29. Bf3 f5 30. b3 b6 31. Bg2 a5 32. Rd1 Be5 33. h3 g5 34. Kc2 g4 35.
hxg4 Rxg4 36. Bf3 Rh4 37. Rh1 Bh2 38. Kd3 Kf6 39. Ke2 e5 40. Bd5 e4 41. f3 Ke5 42.
Bc6 h5 43. fxe4 fxe4 44. Be8 Rh3 45. Bd7 Rh4 46. Be8 Kf6 47. Kf1 Bg3 48. Rxh4 Bxh4 49. Bxh5 Ke5 50. Ke2 Be7 51. Be8 Bc5 52. a4 Kd5 53.
Bb5 Be7 54. Bc4+ Kc5 55. Be6 Bg5 56. Bc4 Kb4 57. Be6 Kc5 58. Bc4 Bh6 1/2-1/2

[Event "*** Titled Tuesday 3|2 Blitz"]
[Site "Chess.com"]
[Date "2016.08.02"]
[Round "5"]
[White "Maitreia"]
[Black "ChadaevNikolay"]
[Result "0-1"]
[WhiteElo "2359"]
[BlackElo "2534"]
[TimeControl "180+2"]
[EndTime "12:08:25 PDT"]
[Termination "ChadaevNikolay won by resignation"]

1. c4 Nf6 2. g3 g6 3. Bg2 Bg7 4. Nf3 O-O 5. O-O d6 6. Nc3 Nc6 7. d3 a5 8. a3 Nh5 9. Rb1 f5 10. Nd5 e6 11. Bg5 Qd7 12. Nf4 Nf6 13. Bxf6 Bxf6 14.
b4 axb4 15. axb4 Kh8 16. b5 Ne7 17. h4 e5 18. Nd5 Bg7 19. Nd2 h6 20. Ra1 Rxa1 21.
Qxa1 e4 22. Qc1 Nxd5 23. cxd5 exd3 24. exd3 f4 25. Ne4 f3 26. Bh1 b6 27. Re1 Qxb5 28. Qxc7 Qxd5 29. Qxb6 Qxd3 30. Qxd6 Qxd6 31. Nxd6 Bg4 32.
Nc4 Rc8 33. Nd2 Rf8 34. Re3 Bd4 35. Rd3 Rd8 36. Kh2 Bf5 37. Rxf3 Ba7 38. Nf1 Bg4 39. Rf4 h5 40. Bf3 Bb8 41. Rf7 Kg8 42. Bxg4 Kxf7 43. Bf3 Ba7 44. Kg2 Rb8 45. Bd5+ Kf6 46. f4 Rb2+ 47.
Kh3 Bg1 48. Bg2 Re2 49. Nh2 Bxh2 50. Kxh2 Kf5 51. Kh3 Re3 52. Kh2 Kg4 53. Bh3+ Kf3 54. Bg2+ Kf2 55. Bh3 Rxg3 56. f5 Rxh3+ 57. Kxh3 gxf5 58.
Kh2 f4 59. Kh3 f3 60. Kh2 Ke2 61. Kg3 f2 62. Kh2 f1=Q 0-1

[Event "*** Titled Tuesday 3|2 Blitz"]
[Site "Chess.com"]
[Date "2016.08.02"]
[Round "5"]
[White "elefante33"]
[Black "Dr-Bassem"]
[Result "0-1"]
[WhiteElo "2461"]
[BlackElo "2625"]
[TimeControl "180+2"]
[EndTime "12:08:28 PDT"]
[Termination "Dr-Bassem won by resignation"]

1. e4 e5 2. Nf3 Nc6 3. Bc4 Nf6 4. d3 h6 5. O-O d6 6. c3 g6 7. a4 Bg7 8. Re1 O-O 9. h3 Kh8 10. d4 Qe8 11. Nbd2 Nh7 12. Nf1 f5 13. dxe5 dxe5 14. exf5 gxf5 15. Ng3 e4 16. Nh4 Ne5 17. Bb3 Bd7 18. Nh5 Qe7 19. Nf4 Qxh4 20. Qxd7 Qxf4 21. Qxg7+ Kxg7 22. Bxf4 Nd3 23. Bxc7 Rac8 24. Bh2 Nxe1 25. Be5+ Kg6 26. Rxe1 Rcd8 27. Re3 Rd2 28. Rg3+ Ng5 29.
Bf4 Rxb2 30. Bd5 Kf6 31. h4 Nf7 32. c4 b6 33. Be3 Rb1+ 34. Kh2 Rd1 35. a5 Ne5 36. f3 exf3 37. gxf3 bxa5 38. Bxh6 Rh8 39. Bg5+ Kg7 40. Be7+ Ng6 41. Kg2 a4 42. Bb4 Kh6 43. Bc3 Nf4+ 44. Kf2 Rh7 45. Bg8 Re7 46. Rg5 Nh3+ 47. Kg3 Nxg5 48. hxg5+ Kxg5 49. Bd5 f4+ 50. Kh3 Rxd5 51. cxd5 Re3 0-1

[Event "*** Titled Tuesday 3|2 Blitz"]
[Site "Chess.com"]
[Date "2016.08.02"]
[Round "5"]
[White "jcibarra"]
[Black "ShimanovAlex"]
[Result "0-1"]
[WhiteElo "2658"]
[BlackElo "2586"]
[TimeControl "180+2"]
[EndTime "12:09:13 PDT"]
[Termination "ShimanovAlex won on time"]

1. e4 c6 2. d4 d5 3. e5 Bf5 4. h4 h5 5. Bd3 Bxd3 6. Qxd3 Qa5+ 7. Bd2 Qa6 8. e6 Qxd3 9. exf7+ Kxf7 10. cxd3 g6 11.
Nf3 Nd7 12. O-O Rc8 13. Nc3 Bg7 14. Rfe1 Bf6 15. Ne5+ Bxe5 16. dxe5 e6 17. f3 Ne7 18. Bg5 a6 19. Kf2 c5 20. g4 Nc6 21. Nxd5 Ncxe5 22. Nf4 hxg4 23. fxg4 Nxg4+ 24. Kg3 Nge5 25. Rf1 Rce8 26.
Nd5+ Kg8 27. Nc7 Rc8 28. Nxe6 Rh7 29. d4 cxd4 30. Nxd4 Rf7 31. Rae1 Rxf1 32. Rxf1 Rc4 33. Nf3 Nc6 34. Rd1 Nc5 35. Kg2 Ne4 36. Rc1 Rb4 37. b3 Kf7 38. Be3 Ke6 39. Rd1 a5 40.
Rd3 a4 41. bxa4 Rxa4 42. a3 Kf5 43. Rb3 Kg4 44. Bf2 Na5 45. Nh2+ Kf5 46. Rb5+ Ke6 47.
Nf3 Nd6 48. Ng5+ Kd7 49. Rd5 Kc6 50. Rd3 Nac4 51. Rf3 Nf5 52. h5 Ne5 53. Rc3+ Kd5 54. hxg6 Rg4+ 55. Kh3 Rxg5 56. Rc5+ Kd6 57. Rb5 Rxg6 58.
Rxb7 Kd5 59. Rb5+ Ke4 60. Rb4+ Kf3 61. Bh4 Nd3 62. Rb3 Ke4 63. Bd8 Nf4+ 64. Kh2 Nd3 65. Bc7 Nd4 66. Rb8 Nf3+ 0-1

[Event "*** Titled Tuesday 3|2 Blitz"]
[Site "Chess.com"]
[Date "2016.08.02"]
[Round "5"]
[White "Yaacovn"]
[Black "DeviatkinAndrey"]
[Result "1-0"]
[WhiteElo "2635"]
[BlackElo "2545"]
[TimeControl "180+2"]
[EndTime "12:09:16 PDT"]
[Termination "Yaacovn won by resignation"]

1. d4 d5 2. Nf3 Nf6 3. c4 c6 4.
cxd5 cxd5 5. Nc3 Nc6 6. Bf4 Bf5 7. Qb3 Na5 8. Qa4+ Bd7 9. Qc2 e6 10. e3 Rc8 11. Bd3 a6 12. O-O Be7 13. Ne5 Nh5 14. Bg3 b5 15. Qe2 g6 16. a4 Nc4 17. axb5 Bxb5 18.
Nxc4 Bxc4 19. Bxc4 Rxc4 20. Rxa6 Nxg3 21. hxg3 O-O 22.
Rfa1 Qb8 23. e4 Bb4 24. exd5 exd5 25. Nxd5 Rxd4 26. Qf3 Qe5 27. Ne3 h5 28. b3 Kg7 29.
R6a4 Bc3 30. Rxd4 Bxd4 31. Rb1 Rb8 32. b4 Rb5 33. Nc2 Bb6 34. Qd3 Rd5 35. Qf3 Rd2 36.
Ne3 Qb5 37. g4 hxg4 38. Nxg4 Qf5 39. Qxf5 gxf5 40. Ne3 f4 41. Nc4 Bxf2+ 42. Kf1 Rc2 43. b5 Bc5 44. Ne5 Rf2+ 45. Ke1 Rxg2 46. Rb3 Rg3 47.
Nf3 Be3 48. Ke2 Bb6 49. Rc3 Rg2+ 50. Kd3 Rb2 51. Kc4 Kf6 52. Rd3 Kf5 53. Rd6 Be3 54.
Ne1 Kg4 55. Nd3 Rb1 56. Rf6 Kg3 57. Rxf7 f3 58. Rg7+ Kh2 59. Rf7 Kg2 60. Rg7+ Kf1 61. Re7 Bb6 62. Re6 Ba7 63. Re7 Bb6 64. Re6 Ba5 65.
Ra6 Bd8 66. Rd6 Bh4 67. Rh6 Bg3 68. Rh1+ Kg2 69. Rxb1 f2 70. Nxf2 Kxf2 71. Kd5 1-0

[Event "*** Titled Tuesday 3|2 Blitz"]
[Site "Chess.com"]
[Date "2016.08.02"]
[Round "5"]
[White "Makalexa"]
[Black "ruifeng"]
[Result "1-0"]
[WhiteElo "2160"]
[BlackElo "2287"]
[TimeControl "180+2"]
[EndTime "12:09:18 PDT"]
[Termination "Makalexa won by resignation"]

1. e4 e5 2. Nf3 Nc6 3. Bc4 Be7 4. d4 exd4 5. c3 d6 6. cxd4 Nf6 7. Nc3 O-O 8. Bb3 Bg4 9. Be3 Re8 10. h3 Bh5 11.
O-O Bg6 12. Nd2 Bf8 13. f3 a6 14. a3 b5 15. Rc1 Na5 16. Ba2 c5 17. b4 Nb7 18.
Nd5 Rc8 19. Nxf6+ Qxf6 20. Nb3 c4 21. Na1 Nd8 22. Qd2 Nc6 23. Nc2 Qd8 24. Bf2 f6 25.
Ne3 Bf7 26. g4 a5 27. bxa5 Qxa5 28. Qxa5 Nxa5 29. Rb1 Nb3 30. Bxb3 cxb3 31. d5 Rc3 32. Rfc1 Rec8 33. Rxc3 Rxc3 34. Kf1 Be8 35. Ke2 b4 36. Be1 Bb5+ 37. Kf2 Rd3 38. Bxb4 Be7 39. Nf5 Bd8 40. Nxd6 Bb6+ 41. Kg2 Ba4 42. Nc4 Bd4 43. Nb2 Bxb2 44. Rxb2 Kf7 45. Kg3 Ke8 46. h4 Kf7 47. g5 h5 48.
gxf6 gxf6 49. Kf4 Bd7 50. Bd2 Ba4 51. Be3 Bd7 52. Bc5 Ba4 53. Bf2 Bd7 54. Bb6 Ba4 55. Bc7 Rc3 56. d6 Rc2 57. Rb1 b2 58. Bb6 Rd2 59.
Ke3 Rxd6 60. Rxb2 Bd1 61. Bc5 Rc6 62. Bd4 Ba4 63. Rb6 Rc2 64. Rxf6+ Ke7 65. Rb6 Ra2 66. Kf4 Kf7 67. Ke5 Rxa3 68. Ra6 Ra2 69. f4 Bb3 70. Rxa2 Bxa2 71. f5 Bb1 72. Kf4 Bd3 73. e5 Be2 74. e6+ Ke7 75. Ke5 Bg4 76. Bc5+ Ke8 77. f6 1-0

[Event "*** Titled Tuesday 3|2 Blitz"]
[Site "Chess.com"]
[Date "2016.08.02"]
[Round "5"]
[White "platy3"]
[Black "ftorodent"]
[Result "1/2-1/2"]
[WhiteElo "2686"]
[BlackElo "2476"]
[TimeControl "180+2"]
[EndTime "12:09:24 PDT"]
[Termination "Game drawn by agreement"]

1. e4 e6 2. d4 d5 3. Nc3 Nf6 4.
e5 Nfd7 5. f4 c5 6. Nf3 Nc6 7.
Be3 Be7 8. a3 b6 9. Bd3 cxd4 10.
Nxd4 Nxd4 11. Bxd4 Nc5 12. O-O O-O 13. Be2 Ba6 14.
Bxa6 Nxa6 15. f5 exf5 16. Rxf5 Qd7 17. Qf3 Rad8 18. Rf1 Bc5 19. Ne2 Nc7 20. Bxc5 bxc5 21. Ng3 Ne6 22. c3 d4 23. Nh5 dxc3 24. bxc3 Qe7 25.
Qg3 Kh8 26. R5f2 c4 27. Qg4 Rd5 28. Qxc4 Rxe5 29. Ng3 g6 30. a4 Kg7 31. h3 f5 32.
Re2 Rxe2 33. Nxe2 Rd8 34. Rb1 Qc5+ 35. Qxc5 Nxc5 36. Nd4 Kf6 37. a5 Ne4 38. Nc6 Nxc3 39. Rb3 Rd1+ 40. Kh2 Ne4 41. Nxa7 Ra1 42. Nc6 Ra2 43.
Rb6 Kg5 44. a6 f4 45. Ne5 Ng3 46. Nf3+ Kh6 47. h4 Ne4 48. Rb4 Nd6 49. Rxf4 Rxa6 50. Rf6 Kg7 51. Re6 Rb6 52. Ng5 h6 53. Ne4 Nc4 54.
Re7+ Kf8 55. Rh7 Kg8 56. Rc7 Ne5 57. Kg3 Re6 58. Kf4 Nd3+ 59. Ke3 Nf2 60. Kxf2 Rxe4 61.
g3 Ra4 62. Kf3 Rb4 63. Rc8+ Kg7 64. Rc7+ Kf6 65. Rc6+ 1/2-1/2

[Event "*** Titled Tuesday 3|2 Blitz"]
[Site "Chess.com"]
[Date "2016.08.02"]
[Round "5"]
[White "stefanodinn"]
[Black "Journey_to_GrandMaster_YT"]
[Result "1-0"]
[WhiteElo "2219"]
[BlackElo "2425"]
[TimeControl "180+2"]
[EndTime "12:09:45 PDT"]
[Termination "stefanodinn won by resignation"]

1. e4 d6 2. d4 Nf6 3. Nc3 Nbd7 4. f4 e5 5. Nf3 c6 6. dxe5 dxe5 7. fxe5 Ng4 8. e6 fxe6 9. Ng5 Nge5 10. Nxe6 Qh4+ 11. g3 Qf6 12. Nc7+ Kf7 13. Bg2 Kg8 14. Rf1 Qg6 15. Nxa8 h5 16. Bf4 h4 17. Qe2 hxg3 18.
Bxg3 Qd6 19. Qd2 Qb4 20. a3 Qxb2 21. Ra2 Nc4 22. Rxb2 Nxd2 23. Kxd2 Bxa3 24. Rb3 Be7 25. Nc7 Nc5 26. Rbb1 Bg5+ 27. Ke2 Bg4+ 28. Bf3 Bh3 29. Rfd1 Kh7 30. Na2 Rf8 31. Rf1 Bxf1+ 32. Rxf1 Rd8 33.
Rd1 Rf8 34. Rd4 Bf6 35. e5 Bg5 36. Rc4 Nd7 37. Ne6 Rf5 38. Be4 Kg6 39. Nxg5 Kxg5 40. Bxf5 Kxf5 41. Rd4 Nc5 42. Rd6 Ne4 43. Rd7 Nc5 44.
Rxg7 a5 45. h4 b5 46. h5 Ne6 47. Ra7 Kg5 48. Rxa5 Kxh5 49. Nb4 c5 50. Nd3 Kg4 51. Bf2 c4 52. Nc5 Nf4+ 53. Kf1 Kf5 54. Rxb5 Ng6 55.
Rb4 Nxe5 56. Bd4 Nf3 57. c3 Kf4 58. Ke2 Nh4 59. Rxc4 Nf5 60. Be3+ Kg3 61. Re4 Kg2 62. Re5 Ng3+ 63. Kd3 Kf3 64. Bd2 Kg4 65. c4 Nh1 66. Nb3 Nf2+ 67. Kc2 Kf3 68. Rf5+ Ke2 69. Rxf2+ Kxf2 70. Kd3 Kf3 71. c5 1-0

[Event "*** Titled Tuesday 3|2 Blitz"]
[Site "Chess.com"]
[Date "2016.08.02"]
[Round "5"]
[White "igorkovalenko"]
[Black "Astaneh"]
[Result "0-1"]
[WhiteElo "2544"]
[BlackElo "2496"]
[TimeControl "180+2"]
[EndTime "12:09:50 PDT"]
[Termination "Astaneh won by resignation"]

1. d4 Nf6 2. Nf3 g6 3. g3 Bg7 4.
Bg2 O-O 5. O-O d5 6. Nbd2 e6 7. b3 c5 8. e3 Nfd7 9. Bb2 Nc6 10. c4 cxd4 11. Nxd4 Nxd4 12. Bxd4 Bxd4 13. exd4 dxc4 14.
bxc4 Nf6 15. Nb3 Rb8 16. c5 Bd7 17. Rb1 Qc7 18. Qf3 Kg7 19. Rfe1 Rfd8 20. Qe3 Bc6 21. Qe5 Qd7 22. d5 Bxd5 23. Rbd1 Rbc8 24. g4 Qc7 25. Qxc7 Rxc7 26. g5 Nd7 27. Bxd5 exd5 28.
Rxd5 Rdc8 29. Re7 Nf8 30. Rxc7 Rxc7 31. h4 Ne6 32. f3 Nf4 33. Re5 Nd3 34. Rd5 Nb4 35.
Rd2 Na6 36. Rc2 b6 37. c6 Nb4 38. Rc4 a5 39. a3 Rxc6 40. Re4 Nd3 41. Nd4 Rc1+ 42.
Kg2 Rd1 43. Nb5 Nc5 44. Re7 Rd7 45. Re8 Ne6 46. Kg3 h6 47. gxh6+ Kxh6 48. Rb8 Rd5 49. Rxb6 Ng7 50. Rb7 Nf5+ 51. Kg4 Kg7 52. a4 Rc5 53. h5 Nh6+ 54. Kf4 gxh5 55. Nd6 h4 56. Rb1 Rd5 57.
Rg1+ Kf8 58. Ne4 Rd4 59. Ke3 Nf5+ 60. Kf4 Ng3 61. Ke5 Rxa4 62. Nd6 Ra2 63. f4 Re2+ 64. Kd5 a4 65. f5 a3 66. f6 a2 67. Rc1 Rd2+ 68. Ke5 Re2+ 69. Kd5 Kg8 70. Rc8+ Kh7 71.
Ra8 Kg6 72. Nb5 Kxf6 73. Nc3 Rd2+ 74. Kc4 Rc2 75. Kd3 Rg2 76. Nxa2 h3 77. Ra6+ Kg7 78. Nc3 h2 79. Ne2 Nxe2 0-1

[Event "*** Titled Tuesday 3|2 Blitz"]
[Site "Chess.com"]
[Date "2016.08.02"]
[Round "5"]
[White "wonderfultime"]
[Black "yian123"]
[Result "0-1"]
[WhiteElo "2604"]
[BlackElo "2361"]
[TimeControl "180+2"]
[EndTime "12:09:52 PDT"]
[Termination "yian123 won by resignation"]

1. d4 d5 2. c4 c6 3. Nc3 Nf6 4. e3 a6 5. Nf3 g6 6. Be2 Bg7 7. O-O O-O 8. b3 Bg4 9. Bb2 Nbd7 10. h3 Bxf3 11. Bxf3 e6 12. Rc1 Re8 13. Qc2 Rc8 14. Rfd1 Nb6 15. Qe2 Qe7 16. g3 h5 17. Bg2 Rcd8 18.
a4 Qb4 19. c5 Nbd7 20. Na2 Qa5 21. f4 Ne4 22. g4 hxg4 23. hxg4 f5 24. g5 Kf7 25.
Ba3 Rh8 26. Bb4 Qc7 27. Be1 Ra8 28. b4 Bf8 29. Rb1 Be7 30. Qf3 Rh7 31. Nc1 b5 32. Nd3 Rhh8 33. Ra1 Rhb8 34. Ra2 Rh8 35. Rda1 Rab8 36.
Qe2 Kg7 37. axb5 axb5 38. Ra7 Rb7 39. Qa2 Rhb8 40. Ra6 Qc8 41. Nc1 Bd8 42. Nb3 Kf7 43. Bf1 Kg7 44. Qh2 Nf8 45. R1a2 Kg8 46. Qg2 Rh7 47.
Nc1 Rbb7 48. Nd3 Nd7 49. R2a3 Kg7 50. Ra8 Rb8 51. Qa2 Bc7 52. R3a7 Rh8 53. Rxb8 Nxb8 54.
Ne5 Re8 55. Bd3 Re7 56. Qh2 Kg8 57. Nxg6 Rh7 58. Qg2 Qe8 59. Nh4 Bxf4 60. Rxh7 Bxe3+ 61. Kf1 Kxh7 62. Qh2 Kg8 63. Nf3 Nd7 64. Ke2 Bc1 65.
Kd1 Be3 66. Qc7 Nf8 67. Be2 Nxg5 68. Qg3 Qg6 69. Ne5 f4 70. Nxg6 fxg3 71. Ne7+ Kf7 72. Nxc6 g2 73. Bh5+ Kg8 74. Ne7+ Kg7 0-1

[Event "*** Titled Tuesday 3|2 Blitz"]
[Site "Chess.com"]
[Date "2016.08.02"]
[Round "5"]
[White "WanderingPuppet"]
[Black "wnstop"]
[Result "1-0"]
[WhiteElo "2284"]
[BlackElo "2445"]
[TimeControl "180+2"]
[EndTime "12:09:59 PDT"]
[Termination "WanderingPuppet won by checkmate"]

1. e4 c5 2. Nf3 e6 3. d4 cxd4 4. Nxd4 Nc6 5. Nc3 Qc7 6. Be3 a6 7. Qd2 Nf6 8. f3 Be7 9. O-O-O b5 10. g4 Nxd4 11. Qxd4 Bb7 12. g5 Nh5 13. Kb1 Rc8 14. Bh3 b4 15. Ne2 O-O 16. Qd2 g6 17.
Ng3 Ng7 18. Bg4 d5 19. h4 Rfd8 20. e5 d4 21. Bf4 Nf5 22. Bxf5 exf5 23. e6 Qc4 24.
exf7+ Qxf7 25. h5 Bd6 26. hxg6 hxg6 27. Qxd4 Qg7 28. Qxg7+ Kxg7 29. Bxd6 Bxf3 30. Be5+ Kf7 31. Rxd8 Rxd8 32. Re1 Re8 33. Kc1 f4 34. Nf1 Bg2 35.
Nh2 f3 36. Bg3 Rxe1+ 37. Bxe1 Ke6 38. Kd2 Kf5 39. Ke3 Kxg5 40. Nxf3+ Kg4 41. Ne5+ Kf5 42. Nf3 Kg4 43. Nd4 a5 44. a3 bxa3 45. bxa3 a4 46. Nb5 Bc6 47. Nd6 Kg5 48. Kd4 Kf4 49. Bd2+ Kf3 50.
Kc5 Bd7 51. c4 Ke2 52. Bg5 Kd3 53. Kb4 Kd4 54. c5 Kd5 55. Nb7 Kc6 56. Na5+ Kc7 57.
Nc4 Kc6 58. Ne5+ Kc7 59. Nxd7 Kxd7 60. Kxa4 Kc6 61. Be7 g5 62. Kb4 g4 63. Bh4 Kc7 64. Bg3+ Kb7 65. Kc4 Kc6 66. Kd4 Kd7 67. Kd5 Kc8 68.
a4 Kb7 69. Kd6 Kc8 70. c6 Kd8 71. a5 Kc8 72. a6 Kb8 73. a7+ Kxa7 74. Kd7 Ka8 75.
c7 Ka7 76. Bf4 g3 77. Bxg3 Kb6 78. c8=Q Kb5 79. Qc6+ Kb4 80. Bd6+ Kb3 81. Be7 Kb2 82. Bd8 Kb1 83. Qc4 Ka1 84. Qb4 Ka2 85. Ke6 Ka1 86. Kd5 Ka2 87. Kd4 Ka1 88. Kc3 Ka2 89. Qb2# 1-0

[Event "*** Titled Tuesday 3|2 Blitz"]
[Site "Chess.com"]
[Date "2016.08.02"]
[Round "5"]
[White "Tesla37"]
[Black "LaStreetCmaMaison"]
[Result "0-1"]
[WhiteElo "2678"]
[BlackElo "2509"]
[TimeControl "180+2"]
[EndTime "12:12:38 PDT"]
[Termination "LaStreetCmaMaison won by resignation"]

1. e4 c5 2. Nf3 d6 3. Nc3 Nf6 4. d4 cxd4 5. Qxd4 a6 6. e5 Nc6 7.
Qa4 dxe5 8. Nxe5 Bd7 9. Nxd7 Qxd7 10. Bd2 e6 11. O-O-O Qc8 12. g4 b5 13. Qf4 b4 14.
Ne4 Nd5 15. Nd6+ Bxd6 16. Qxd6 Ra7 17. Bd3 Rd7 18. Qc5 Rc7 19. Kb1 Ne5 20. Qd6 Nxd3 21. cxd3 Rc6 22. Rc1 Nc3+ 23. Bxc3 Rxd6 24. Bxg7 Qb7 25.
Bxh8 Rxd3 26. Rhe1 b3 27. axb3 Qxb3 28. Bf6 Kd7 29. g5 Rd2 30. Re3 Qd5 31. Rec3 Qf5+ 32. Ka1 Qa5+ 33. Ra3 Qb6 34. f4 Rd5 35. Kb1 a5 36. h4 Rd2 37. h5 Qb5 38. Ka1 Rd3 39. Bc3 a4 40. h6 Rf3 41. Rd1+ Kc8 42. Rd4 Rf1+ 43. Ka2 Rc1 44. Raxa4 Qf1 45. Rac4+ Kb7 46. Kb3 Rd1 47. Rb4+ Ka6 48. Rdc4 Rd6 49. Ka2 Rb6 50.
Ra4+ Kb7 51. Bd4 Ra6 52. Rb4+ Kc6 53. Rxa6+ Qxa6+ 54. Kb3 Kd5 55. Bc3 Qf1 56. Rd4+ Kc5 57. Rb4 Qd1+ 58. Ka2 Qf1 59. Ra4 Kb5 60. Ra5+ Kc6 61.
Be5 Kb6 62. Ra4 Kb5 63. Rd4 Kc5 64. Ra4 Qb5 65. Ka3 Qd3+ 66. b3 Qd2 67. Rc4+ Kb5 68. Bc3 Qc1+ 69. Bb2 Qd2 70. Rd4 Qa5+ 71. Ra4 Qd2 72.
Ka2 Qf2 73. Rc4 Qe2 74. Ka3 Kb6 75. Bd4+ Kb7 76. Be5 Qd1 77. Rc7+ Kb6 78. Rxf7 Qc1+ 79. Ka2 Qd2+ 80. Bb2 Qa5+ 81. Kb1 Qe1+ 82. Bc1 Qe4+ 83.
Ka2 Qe2+ 84. Bb2 Qa6+ 85. Kb1 Qf1+ 86. Kc2 Qe2+ 87. Kc3 Qe3+ 88. Kc4 Qe2+ 89. Kc3 Qe3+ 90. Kc2 Qe2+ 91. Kb1 Qe1+ 92. Bc1 Qe4+ 93. Kb2 Qd4+ 94. Ka2 Qd3 95. Rf6 Qe2+ 96. Kb1 Qd3+ 97. Kb2 Qd4+ 98. Kc2 Qe4+ 99. Kc3 Kb5 100. Bd2 Qf3+ 101. Kd4 Qxb3 102. Ke4 Qd5+ 103. Ke3 Kc4 104. Be1 Qd3+ 105. Kf2 Qc2+ 106. Kg3 Qd3+ 107. Kg2 Qe2+ 108. Bf2 Qg4+ 109. Kh2 Kd3 110. f5 Qh5+ 111. Kg1 Qxg5+ 0-1

[Event "*** Titled Tuesday 3|2 Blitz"]
[Site "Chess.com"]
[Date "2016.08.02"]
[Round "6"]
[White "wnstop"]
[Black "lukas_111111"]
[Result "1-0"]
[WhiteElo "2449"]
[BlackElo "2250"]
[TimeControl "180+2"]
[EndTime "12:16:24 PDT"]
[Termination "wnstop won by resignation"]

1. e4 c5 2. Nf3 d6 3. d4 cxd4 4. Nxd4 Nf6 5. Nc3 a6 6. Bg5 e6 7.
f4 Be7 8. Qf3 Qc7 9. O-O-O Nbd7 10. Bd3 h6 11. Bh4 b5 12. Rhe1 Bb7 13. Qg3 b4 14. Nd5 exd5 15. exd5 Kd8 16. Nc6+ Bxc6 17. dxc6 Nc5 18. Qxg7 Rg8 19. Qxf7 Rf8 20. Qxf8+ 1-0

[Event "*** Titled Tuesday 3|2 Blitz"]
[Site "Chess.com"]
[Date "2016.08.02"]
[Round "6"]
[White "Sanan_Sjugirov"]
[Black "Saitama_Hero"]
[Result "1-0"]
[WhiteElo "2669"]
[BlackElo "2210"]
[TimeControl "180+2"]
[EndTime "12:17:08 PDT"]
[Termination "Sanan_Sjugirov won by resignation"]

1. d4 Nf6 2. Nf3 g6 3. Bg5 Bg7 4. Nbd2 c5 5. e3 O-O 6. c3 b6 7. Bc4 d5 8. Bd3 Bb7 9. h4 Nbd7 10. h5 Ne4 11. hxg6 hxg6 12. Bf4 Re8 13. Qe2 Nxd2 14. Qxd2 cxd4 15. exd4 e5 16. dxe5 Nxe5 17. Nxe5 Bxe5 18. O-O-O Rc8 19. Bxe5 Rxe5 20. Rh3 Qg5 21. f4 1-0

[Event "*** Titled Tuesday 3|2 Blitz"]
[Site "Chess.com"]
[Date "2016.08.02"]
[Round "6"]
[White "Semetey"]
[Black "Newlight1"]
[Result "0-1"]
[WhiteElo "2425"]
[BlackElo "2411"]
[TimeControl "180+2"]
[EndTime "12:17:10 PDT"]
[Termination "Newlight1 won by resignation"]

1. d4 Nf6 2. Bf4 c5 3. e3 e6 4. c3 Nc6 5. Nd2 d5 6. Ngf3 Be7 7. Bd3 b6 8. h3 Bb7 9. O-O O-O 10. Bh2 Rc8 11.
Ne5 Nxe5 12. dxe5 Nd7 13. Nf3 c4 14. Bc2 Qc7 15. Qd4 Nc5 16. Rad1 b5 17. Qg4 Rfe8 18. Nd4 g6 19. h4 b4 20. cxb4 Nd3 21. Bxd3 cxd3 22. a3 h5 23. Qf4 Qc4 24. Rd2 Qc1 25.
Rfd1 Qxd2 26. Qf3 Rc1 27. Bf4 Qxd1+ 0-1